 Dungeon Crawl Stone Soup version 0.29-a0-1033-gb6c65ffae6 (webtiles) character file.

Game seed: 12230963309109224031

15551 wingedge the Frost Mage (level 12, -7/136 HPs)
             Began as a Merfolk Ice Elementalist on Aug 14, 2022.
             Was an Initiate of Gozag.
             Mangled by a shadow (26 damage)
             ... on level 11 of the Dungeon.
             The game lasted 01:03:07 (16001 turns).

wingedge the Frost Mage (Merfolk Ice Elementalist) Turns: 16001, Time: 01:03:07

Health: -7/136     AC: 17    Str: 14    XL:     12   Next: 28%
Magic:  20/24      EV: 18    Int: 18    God:    Gozag
Gold:   253        SH: 10    Dex: 17    Spells: 7/27 levels left

rFire   . . .      SeeInvis .   a - +3 demon blade (venom)
rCold   + . .      Faith    .   l - +5 buckler of Limor {rC+ rN+ rCorr Str+4}
rNeg    + . .      Spirit   .   Q - +2 robe {Will+}
rPois   .          Reflect  .   w - +0 helmet
rElec   .          Harm     .   P - +0 cloak
rCorr   +          Rampage  .   X - +0 pair of fencer's gloves {Riposte Dex+3}
Will    .....                   m - +0 pair of boots
Stlth   ..........              r - amulet of magic regeneration
HPRegen 0.32/turn               x - ring of wizardry
MPRegen 0.59/turn               R - +4 ring of evasion

@: berserking, ice-armoured, weak-willed, wereblooded, gold aura, freezing
walls, very quick
A: (nimble swimmer 2), mertail
a: Renounce Religion, Potion Petition, Call Merchant, Bribe Branch


You were on level 11 of the Dungeon.
You worshipped Gozag.
Gozag was aware of your devotion.
You visited 2 branches of the dungeon, and saw 12 of its levels.
You also visited: Sewer and Ossuary.

You collected 1827 gold pieces.
You spent 1439 gold pieces at shops.
You paid 135 gold pieces to Gozag.

Inventory:

Hand Weapons
 a - a +3 demon blade of venom (weapon)
 v - a +0 falchion of electrocution
 S - the +7 glaive of Dociuxtoi {venom, rN+ Str+2}
   (You found it on level 9 of the Dungeon)

   It poisons the flesh of those it strikes.
   Str:       It affects your strength (+2).
   rN:        It protects you from negative energy.
Missiles
 d - 2 silver javelins
 g - 5 javelins
 K - 3 curare-tipped darts
Armour
 c - a +2 pair of gloves
 l - the +5 buckler of Limor (worn) {rC+ rN+ rCorr Str+4}
   (You bought it in a shop on level 2 of the Dungeon)

   Str:       It affects your strength (+4).
   rC:        It protects you from cold.
   rN:        It protects you from negative energy.
   rCorr:     It protects you from acid and corrosion.
 m - a +0 pair of boots (worn)
 t - an orb of wrath
 w - a +0 helmet (worn)
 P - a +0 cloak (worn)
 Q - a +2 robe of willpower (worn)
 W - a +1 robe of cold resistance
 X - the +0 pair of fencer's gloves (worn) {Riposte Dex+3}
   (You bought it in a shop on level 2 of the Dungeon)

   It allows the wearer to riposte with melee weapons, swiftly retaliating
   against missed or blocked melee attacks.
   Dex:       It affects your dexterity (+3).
Magical Staves
 b - a staff of air
Jewellery
 r - an amulet of magic regeneration (around neck)
 x - a ring of wizardry (left hand)
 y - an amulet of the acrobat
 I - a ring of ice
 R - a +4 ring of evasion (right hand)
 T - an amulet of faith
 V - a ring of ice
Wands
 L - a wand of polymorph (4)
 O - a wand of mindburst (9)
Scrolls
 e - 3 scrolls of poison
 i - 2 scrolls of teleportation
 j - a scroll of fog {unknown}
 s - 3 scrolls of amnesia {unknown}
 B - 2 scrolls of fear {unknown}
 C - 3 scrolls of enchant armour {unknown}
 D - 5 scrolls of vulnerability
 F - 3 scrolls of magic mapping {unknown}
 J - a scroll of blinking {unknown}
 N - a scroll of summoning {unknown}
 Y - a scroll of silence {unknown}
Potions
 f - 3 potions of ambrosia
 k - 3 potions of berserk rage
 n - 3 potions of haste
 o - a potion of flight {unknown}
 p - 3 potions of lignification
 q - 2 potions of cancellation {unknown}
 u - a potion of degeneration {unknown}
 z - a potion of mutation {unknown}
 A - 3 potions of curing
 E - a potion of magic
 G - a potion of brilliance {unknown}
 H - a potion of resistance
 M - a potion of might {unknown}
 Z - a potion of invisibility {unknown}
Miscellaneous
 U - a tin of tremorstones (2/2)


   Skills:
 + Level 7.4 Fighting
 - Level 5.0 Long Blades
 - Level 4.1 Polearms
 - Level 5.0 Dodging
 - Level 3.0 Stealth
 - Level 4.0 Shields
 - Level 8.0 Spellcasting
 - Level 5.0 Conjurations
 - Level 3.0 Hexes
 - Level 4.0 Necromancy
 - Level 4.0 Transmutations
 - Level 12.0 Ice Magic
 - Level 4.0 Earth Magic


You had 7 spell levels left.
You knew the following spells:

 Your Spells              Type           Power      Damage    Failure   Level
a - Freeze                Ice            100%       1d11      1%          1
b - Ozocubu's Armour      Ice            50%        N/A       1%          3
c - Frozen Ramparts       Ice            100%       1d16      1%          3
d - Hailstorm             Conj/Ice       37%        3d9       1%          4
e - Ensorcelled Hibernat  Hex/Ice        68%        N/A       1%          2
f - Wereblood             Tmut           21%        N/A       1%          2
g - Borgnjor's Vile Clut  Necr/Erth      10%        N/A       26%         5

Your spell library contained the following spells:

 Spells                   Type           Power      Damage    Failure   Level
 Beastly Appendage        Tmut           42%        N/A       1%          1
 Passwall                 Tmut/Erth      17%        N/A       1%          2
 Spider Form              Tmut/Pois      14%        N/A       6%          3
 Swiftness                Air            7%         N/A       16%         3
 Animate Armour           Summ/Erth      28%        N/A       21%         4
 Blade Hands              Tmut           10%        N/A       26%         5
 Iron Shot                Conj/Erth      11%        9d3       71%         6
 Death Channel            Necr           10%        N/A       78%         6
 Animate Dead             Necr           Unusable   N/A       N/A         4

Dungeon Overview and Level Annotations

Branches:
Dungeon (11/15)            Temple (1/1) D:6            Lair (0/5) D:9
    Orc (0/2) D:10          Sewer (visited)         Ossuary (visited)

Altars:
Ashenzari
Cheibriados
Dithmenos
Elyvilon
Fedhas
Gozag
Hepliaklqana
Kikubaaqudgha
Makhleb
Nemelex Xobeh
Okawaru
Qazlal
Ru
Sif Muna
Trog
Uskayaw
Vehumet
Wu Jian
Xom
Yredelemnul
Zin
The Shining One

Shops:
D:2 [   D:6 *

Annotations:
D:8 1 transporter


Innate Abilities, Weirdness & Mutations

((You are very nimble when in or above water. (Stealth+, EV+, Speed+++)))
Your lower body shifts to a powerful aquatic tail in water.


Message History

Training target 4.0 for Earth Magic reached!
Your Earth Magic skill increases to level 4!
You need to enable at least one skill for training.
You hit the cyclops but do no damage.
The cyclops is moderately wounded.
The wall freezes the cyclops!
You block the cyclops's attack.
The shadow completely resists.
The wall freezes the shadow but does no damage.
You block the shadow's attack.
The wall freezes the acid dragon.
The polar bear resists.
The wall freezes the polar bear.
The polar bear misses you.
The polar bear claws you but does no damage.
The polar bear claws you.
* * * LOW HITPOINT WARNING * * *
You slice the cyclops!!
The cyclops is almost dead.
You hit the cyclops but do no damage.
The cyclops is poisoned.
The cyclops is almost dead.
The shadow completely resists.
The wall freezes the shadow but does no damage.
The shadow slips into darkness.
The shadow flickers and vanishes!
Deactivating autopickup; reactivate with Ctrl-A.
The wall freezes the acid dragon!
You kill the acid dragon!
The polar bear completely resists.
The wall freezes the polar bear but does no damage.
The polar bear closely misses you. You block the polar bear's attack.
You riposte.
You slash the polar bear!
The polar bear looks as sick as possible!
The polar bear is severely wounded.
The polar bear barely misses you.
The wall freezes the cyclops!
You feel a bit better.
You kill the cyclops!
You barely miss the polar bear.
The polar bear is severely wounded.
The wall freezes something but does no damage.
The shadow strikes at you from the darkness!
You die...
Your body crumbles into a pile of gold.

~~≈~~..
.S~~. .....
.... #.$#
#$.# #h{#
#@$# #.$#
#$$# ..$..
........
###........
#........
#........
#........


You could see a polar bear (extremely poisoned, weak-willed) and an electric eel
(weak-willed).

Vanquished Creatures
  Fannar (D:10)
  A boulder beetle (D:10)
  A centaur warrior (D:9)
  Erica (D:9)
  A hydra (D:9)
  A two-headed ogre (D:10)
  Urug (D:11)
  A necromancer (D:9)
  A cyclops (D:11)
  2 polar bears (D:11)
  2 hornets
  A troll (D:10)
  A slime creature (D:9)
  2 shadows
  2 wraiths
  A wyvern (D:9)
  22 yaks
  A vampire (D:10)
  A basilisk (D:9)
  A steam dragon (D:8)
  Edmund (D:4)
  2 wargs
  2 acid dragons
  Duvessa (D:7)
  Pargi (Sewer)
  A black bear (D:5)
  7 orc warriors
  An ice beast (D:6)
  A boggart (D:9)
  A wolf (D:11)
  An ogre (D:6)
  2 centaurs
  3 phantoms
  3 kobold brigands
  2 bullfrogs
  Blork the orc (D:4)
  2 scorpions (D:5)
  A necrophage (D:7)
  A gnoll sergeant (D:5)
  10 wights
  Dowan (D:7)
  9 killer bees
  An electric eel (D:9)
  2 howler monkeys
  2 hounds
  3 centaur zombies (Ossuary)
  9 orc priests
  2 human zombies (Ossuary)
  Jessica (D:3)
  Natasha (D:3)
  2 iguanas
  6 orc wizards
  2 hound zombies (Ossuary)
  3 mummies (Ossuary)
  Robin (D:3)
  5 gnolls
  13 adders
  A shadow imp (D:7)
  2 white imps (D:7)
  An ufetubus (D:5)
  4 worms
  2 dart slugs (D:1)
  32 orcs
  7 endoplasms
  3 giant cockroaches
  12 goblins
  12 hobgoblins
  10 jackals
  5 quokkas
  5 ball pythons
  11 bats
  3 frilled lizards
  2 gnoll zombies (Ossuary)
  4 goblin zombies (Ossuary)
  3 jackal zombies (Ossuary)
  17 kobolds
  5 kobold zombies (Ossuary)
  2 orc zombies (Ossuary)
  5 quokka zombies (Ossuary)
  12 rats
  4 rat zombies (Ossuary)
316 creatures vanquished.

Notes
Turn   | Place    | Note
-------+----------+-------------------------------------------
     0 | D:1      | wingedge the Merfolk Ice Elementalist began the quest for
                  | the Orb.
     0 | D:1      | Reached XP level 1. HP: 13/13 MP: 3/3
   133 | D:1      | Reached XP level 2. HP: 14/20 MP: 0/5
   136 | D:1      | Reached skill level 1 in Fighting
   486 | D:1      | Reached skill level 5 in Ice Magic
   569 | D:1      | Reached XP level 3. HP: 26/26 MP: 6/6
  1439 | D:2      | Reached XP level 4. HP: 33/33 MP: 1/7
  1998 | D:2      | Found Wecsikhe's Armour Shoppe.
  2179 | D:3      | Learned a level 3 spell: Frozen Ramparts
  2187 | D:3      | Reached skill level 6 in Ice Magic
  2250 | D:3      | Found a glowing drain.
  2259 | Sewer    | Entered a sewer
  2339 | Sewer    | Noticed Pargi
  2348 | Sewer    | Killed Pargi
  2349 | Sewer    | Reached XP level 5. HP: 35/38 MP: 0/9
  2631 | D:3      | Noticed Jessica
  2648 | D:3      | Killed Jessica
  2649 | D:3      | Reached XP level 6. HP: 44/44 MP: 5/10
  2758 | D:3      | Noticed Robin
  2774 | D:3      | Killed Robin
  2775 | D:3      | Reached skill level 7 in Ice Magic
  2911 | D:3      | Learned a level 3 spell: Ozocubu's Armour
  2916 | D:3      | Learned a level 4 spell: Hailstorm
  3115 | D:3      | Noticed Natasha
  3126 | D:3      | Killed Natasha
  3261 | D:4      | Found a sand-covered staircase.
  3266 | Ossuary  | Entered an ossuary
  3437 | Ossuary  | Reached skill level 1 in Conjurations
  3774 | Ossuary  | Reached XP level 7. HP: 45/50 MP: 9/12
  4168 | D:4      | Noticed Blork the orc
  4175 | D:4      | Killed Blork the orc
  4295 | D:4      | Reached skill level 1 in Long Blades
  4733 | D:4      | Noticed Edmund
  4746 | D:4      | Killed Edmund
  4926 | D:4      | Learned a level 2 spell: Ensorcelled Hibernation
  5348 | D:5      | Entered Level 5 of the Dungeon
  5558 | D:5      | Reached skill level 1 in Hexes
  5563 | D:5      | Reached XP level 8. HP: 28/58 MP: 2/14
  6202 | D:5      | Reached skill level 5 in Spellcasting
  6603 | D:5      | Reached skill level 8 in Ice Magic
  6902 | D:6      | Identified the +0 robe of the Volcano {Will+}
  6982 | D:6      | Found a staircase to the Ecumenical Temple.
  7000 | D:6      | Reached skill level 1 in Shields
  7003 | Temple   | Entered the Ecumenical Temple
  7222 | Temple   | Became a worshipper of Gozag Ym Sagoz the Greedy
  7271 | D:6      | Found Ypsud's Assorted Antiques.
  7278 | D:6      | Reached XP level 9. HP: 50/65 MP: 3/16
  7377 | D:6      | Bought a dented citrine amulet for 125 gold pieces
  7377 | D:6      | Bought a scroll labelled RISKUT GYSSI for 25 gold pieces
  7377 | D:6      | Bought a scroll labelled QIEBLO LONNO for 25 gold pieces
  7377 | D:6      | Bought a viscous puce potion for 22 gold pieces
  7377 | D:6      | Bought a glowing red potion for 22 gold pieces
  7996 | D:6      | Learned a level 2 spell: Wereblood
  8004 | D:7      | Reached skill level 1 in Transmutations
  8166 | D:7      | Found a shimmering altar of Xom.
  8446 | D:7      | Noticed Duvessa
  8462 | D:7      | Killed Duvessa
  8462 | D:7      | Noticed Dowan
  8463 | D:7      | Reached skill level 9 in Ice Magic
  8491 | D:7      | Killed Dowan
  9130 | D:8      | Reached skill level 5 in Fighting
  9479 | D:8      | Noticed a hornet
  9486 | D:8      | Killed a hornet
  9756 | D:8      | Reached skill level 10 in Ice Magic
  9912 | D:8      | Found a transporter.
  9921 | D:8      | Found a transporter.
  9951 | D:8      | Reached XP level 10. HP: 64/74 MP: 2/19
 10066 | D:8      | Reached skill level 5 in Dodging
 10209 | D:8      | Found a transporter.
 10719 | D:8      | Found a transporter.
 11030 | D:9      | Noticed Erica
 11038 | D:9      | Killed Erica
 12026 | D:9      | Learned a level 5 spell: Borgnjor's Vile Clutch
 12584 | D:2      | Bought the +5 buckler of Limor {rC+ rN+ rCorr Str+4} for
                  | 740 gold pieces
 12886 | D:9      | Noticed a centaur warrior
 12886 | D:9      | Noticed a four-headed hydra
 12886 | D:9      | Noticed a necromancer
 12997 | D:9      | Reached skill level 5 in Conjurations
 13104 | D:9      | Reached XP level 11. HP: 83/84 MP: 12/21
 13187 | D:9      | Killed a centaur warrior
 13188 | D:9      | Reached skill level 11 in Ice Magic
 13484 | D:9      | Found a staircase to the Lair.
 13503 | D:9      | Identified the +7 glaive of Dociuxtoi {venom, rN+ Str+2}
 13548 | D:9      | Killed a necromancer
 13549 | D:9      | Reached skill level 5 in Long Blades
 13618 | D:9      | Killed a five-headed hydra
 13916 | D:10     | Entered Level 10 of the Dungeon
 13918 | D:10     | Found a staircase to the Orcish Mines.
 14229 | D:10     | Noticed Fannar
 14251 | D:10     | Killed Fannar
 14323 | D:10     | Found a stormy altar of Qazlal.
 14496 | D:2      | Bought the +0 pair of fencer's gloves {Riposte Dex+3} for
                  | 480 gold pieces
 14496 | D:2      | Found the +0 pair of fencer's gloves {Riposte Dex+3}
 14670 | D:10     | Noticed a boulder beetle
 14685 | D:10     | Killed a boulder beetle
 14686 | D:10     | Reached skill level 12 in Ice Magic
 14925 | D:10     | Noticed a two-headed ogre
 14935 | D:10     | Killed a two-headed ogre
 15318 | D:10     | Reached XP level 12. HP: 80/91 MP: 10/24
 15715 | D:11     | Noticed Urug
 15725 | D:11     | Killed Urug
 15726 | D:11     | Reached skill level 1 in Earth Magic
 16001 | D:11     | Mangled by a shadow

Illustrated notes

Levels and vault maps discovered:
D:1:      spicycebolla_arrival_ecumenical, layout_loops_ring
D:2:      layout_loops_ring, serial_shops, nicolae_shop_behind_doors
D:3:      kennysheep_six_static_rooms, layout_rooms, portal_sewer_entry_b,
          uniq_natasha, uniq_robin, uniq_jessica
D:4:      layout_gridville, nicolae_ossuary_entry_false_entrances,
          uniq_blork_the_orc, uniq_edmund
D:5:      layout_basic
D:6:      layout_rooms, minmay_temple_entry_junction, serial_shops,
          nicolae_shop_waterfront
D:7:      layout_basic, mainiacjoe_overflow_six_doors_small, uniq_duvessa
D:8:      layout_basic, nicolae_transporter_intersection
D:9:      minmay_chopped_fan, layout_basic, erik_lair_orcish_takeover,
          nicolae_concentric_dashed_squares_wild, uniq_erica
D:10:     layout_gridville, lemuel_crystal_altar, david_orc_3,
          hangedman_decor_peaks_small, minivault_27, nzn_sisyphean_effort,
          uniq_fannar
D:11:     layout_small_grid, serial_ice, serial_ice_b, serial_ice_m,
          serial_ice_g, serial_ice_a, serial_ice_j, serial_ice_n, serial_ice_o,
          portal_ice_cave_entry_pillars_2, fedhas_altar_2, uniq_urug
Temple:   nicolae_temple_slightly_damp_pantheon

Skill      XL: |  1  2  3  4  5  6  7  8  9 10 11 12 |
---------------+-------------------------------------+-----
Dodging        | 3 4 5 |  5.0
Fighting       | 1 2 3 4 5 7 |  7.4
Ice Magic      | 5 6 7 8 10 12 | 12.0
Spellcasting   | 3 4 5 6 7 8 |  8.0
Conjurations   | 1 3 4 5 |  5.0
Long Blades    | 2 3 5 |  5.0
Hexes          | 1 2 3 |  3.0
Shields        | 1 2 4 |  4.0
Transmutations | 4 |  4.0
Stealth        | 3 |  3.0
Polearms       | 4 |  4.1
Necromancy     | 3 4 |  4.0
Earth Magic    | 4 |  4.0

Action                   |  1- 3 |  4- 6 |  7- 9 | 10-12 || total
-------------------------+-------+-------+-------+-------++-------
Melee: Unarmed           |     2 |       |       |       ||     2
       Falchion          |       |    78 |   171 |    11 ||   260
       Punch             |       |       |     3 |       ||     3
       Demon blade       |       |       |       |   129 ||   129
       Glaive            |       |       |       |     1 ||     1
 Fire: Sling             |    56 |   103 |       |       ||   159
Throw: Javelin           |       |     2 |       |       ||     2
       Dart              |       |       |     1 |     1 ||     2
 Cast: Freeze            |    39 |    34 |     5 |     4 ||    82
       Frozen Ramparts   |       |    13 |    20 |    18 ||    51
       Ozocubu's Armour  |       |     4 |    10 |    18 ||    32
       Hailstorm         |       |     3 |    80 |    93 ||   176
       Ensorcelled Hiber |       |       |     7 |    10 ||    17
       Wereblood         |       |       |       |     4 ||     4
Evoke: Wand              |       |       |       |     4 ||     4
  Use: Scroll            |       |     4 |     1 |     4 ||     9
       Potion            |       |       |     2 |     8 ||    10
 Stab: Sleeping          |       |     1 |     2 |       ||     3
       Distracted        |       |       |       |     1 ||     1
Armor: Robe              |     5 |   101 |    81 |    77 ||   264
       Skin              |       |       |       |     3 ||     3
Dodge: Dodged            |    18 |   149 |   124 |   144 ||   435
Block: Buckler           |       |       |       |    52 ||    52
       Rpst.: Demon blade |       |       |       |    19 ||    19

Table legend: (Time is in decaauts)
 A = Elapsed time spent in this place.
 B = Non-inter-level travel time spent in this place.
 C = Inter-level travel time spent in this place.
 D = Time resting spent in this place.
 E = Time spent auto-exploring this place.
 F = Levels seen in this place.
 G = Mean time per level.
                   A        B        C        D        E       F      G
               +--------+--------+--------+--------+--------+-----+--------+
         Total |  16111 |  15376 |    735 |   4502 |   8169 |  14 | 1150.8 |
       Dungeon |  14734 |  14052 |    682 |   4069 |   7643 |  11 | 1339.5 |
        Temple |    239 |    186 |     53 |      0 |    161 |   1 |  239.0 |
         Sewer |    205 |    205 |      0 |    127 |      8 |   1 |  205.0 |
       Ossuary |    932 |    932 |      0 |    306 |    357 |   1 |  932.0 |
               +--------+--------+--------+--------+--------+-----+--------+

Top non-repeatable levels by time:
     D:9: 2720 daAuts
     D:8: 2230 daAuts
    D:10: 1788 daAuts
     D:4: 1522 daAuts
     D:5: 1319 daAuts
     D:1: 1128 daAuts
     D:2: 1069 daAuts
     D:6: 1011 daAuts
     D:7: 973 daAuts
 Ossuary: 932 daAuts
     D:3: 928 daAuts
  Temple: 239 daAuts
   Sewer: 205 daAuts
    D:11: 40 daAuts
